 Dungeon Crawl Stone Soup version 0.30-a0-540-g0af01429fa (webtiles) character file.

Game seed: 13816049496235673471

110 arthad the Insei (level 5, -5/39 HPs)
             Began as a Djinni Transmuter on Dec 25, 2022.
             Slain by Pargi (9 damage)
             ... on level 3 of the Dungeon.
             The game lasted 00:06:57 (1692 turns).

arthad the Insei (Djinni Transmuter)                Turns: 1692, Time: 00:06:57

Health: -5/39      AC:  1    Str:  9    XL:     5   Next: 14%
Gold:   86         EV: 13    Int: 16    God:
                   SH:  0    Dex: 14

rFire   + + .      SeeInvis .      - Unarmed
rCold   x . .      Faith    .    (no shield)
rNeg    . . .      Spirit   .    a - +0 robe
rPois   ∞          Reflect  .    (no helmet)
rElec   .          Harm     .    (no cloak)
rCorr   .          Rampage  .    (no gloves)
Will    .....                    (boots unavailable)
Stlth   ++                       (no amulet)
HPRegen 0.26/turn                (no ring)
MPRegen 0.00/turn                (no ring)

@: attractive, flying, very slightly contaminated
A: sickness immunity, fire resistance 2, cold vulnerability 1, float, innate
caster, HP casting, extra vitality 1, deformed body, sense surroundings 1,
subdued magic 1
a: no special abilities


You were on level 3 of the Dungeon.
You visited 1 branch of the dungeon, and saw 3 of its levels.

You collected 86 gold pieces.

Inventory:

Armour
 a - a +0 robe (worn)
Magical Staves
 e - a staff of death
Scrolls
 d - a scroll of identify
 f - a scroll of fear
 h - a scroll of noise {unknown}
 j - a scroll of magic mapping {unknown}
Potions
 b - 3 potions of lignification


   Skills:
 * Level 2.4 Fighting
 + Level 3.0 Dodging
 + Level 0.8 Stealth
 + Level 3.5 Unarmed Combat
 * Level 2.3 Spellcasting


You couldn't memorise any spells.
You knew the following spells:

 Your Spells              Type           Power      Damage    Failure   Level
a - Beastly Appendage     Tmut           14%        N/A       6%          1
b - Wereblood             Tmut           7%         N/A       10%         2
c - Spider Form           Tmut/Pois      7%         N/A       19%         3
d - Ice Form              Ice/Tmut       7%         N/A       54%         4
e - Magic Dart            Conj           28%        1d4       6%          1
f - Passwall              Tmut/Erth      5%         N/A       10%         2
Your spell library was empty.

Dungeon Overview and Level Annotations

Branches:
Dungeon (3/15)

Altars:

Shops:
D:2 [

Annotations:
D:3 Pargi


Innate Abilities, Weirdness & Mutations

You are immune to sickness and miasma.
You are immune to poison.
Your flesh is very heat resistant. (rF++)
You are vulnerable to cold. (rC-)
You float through the air rather than walking.
You learn spells naturally, not from books.
Your magical power is your life essence.
You have superior vitality. (+4 MHP)
Armour fits poorly on your strangely shaped body.
You passively map a small area around you.
Your spells are a little easier to cast, but a little less powerful.


Message History

The frilled lizard closely misses you.
You closely miss the frilled lizard.
The frilled lizard is heavily wounded.
The frilled lizard closely misses you.
You hit the frilled lizard.
You kill the frilled lizard!
No target in view!
Pargi the Meek comes into view.
Pargi shouts!
Pargi is nearby!
Casting: Magic Dart (safe; 8% risk of failure)
Confirm with . or Enter, or press ? or * to list all spells.
Okay, then.
It was a potion of curing.
You feel better.
It was a potion of flight.
You feel more buoyant.
It was a potion of mutation.
You feel extremely strange.
Your connection to magic feels subdued.
Your body twists and deforms.
You feel a strange attunement to the structure of the dungeons.
It was a potion of attraction.
You feel attractive to monsters. Pargi is attracted toward you.
It was a potion of magic.
Magic washes over you without effect. Pargi bites you.
Pargi closely misses you. Pargi claws you.
Casting: Magic Dart (safe; 6% risk of failure)
Confirm with . or Enter, or press ? or * to list all spells.
The spell is extremely dangerous to miscast (54% risk of failure)!
Continue anyway?
You miscast Ice Form.
You are very lightly contaminated with residual magic.
A chill runs through your body!
You feel a terrible chill! Pargi bites you!
* * * LOW HITPOINT WARNING * * *
Pargi misses you. Pargi completely misses you.
You feel better. Pargi bites you!
* * * LOW HITPOINT WARNING * * *
Pargi barely misses you. x2
As you read the scroll labelled JIYTAA TITO, it crumbles to dust.
It is a scroll of identify.
f - a scroll of fear Pargi bites you!
You die...

, * #.######..... ,
** ..#............
...........###.... ,
*####.#............*
#.#.###.###...# *
#,#.#....# .# , ,
,#.#.#..#
...#####.#.#..#* ,
......T@...#..# *
########.###..# *
#.# .... , , #.#
##### ** #.# , ,, ,
, , * #.# ** , *
*#.# , , ,, #.# ,
#.# ,


You could see Pargi.

Vanquished Creatures
  An orc priest (D:2)
  3 adders (D:2)
  A worm (D:2)
  2 dart slugs
  4 orcs (D:2)
  5 endoplasms
  3 giant cockroaches (D:2)
  2 goblins
  3 hobgoblins
  2 quokkas
  5 ball pythons
  5 frilled lizards
  4 kobolds
  4 rats
44 creatures vanquished.

Notes
Turn   | Place    | Note
-------+----------+-------------------------------------------
     0 | D:1      | arthad the Djinni Transmuter began the quest for the Orb.
     0 | D:1      | arthad set off with the following spells memorised: Beastly
                  | Appendage, Wereblood, Spider Form, Ice Form.
     0 | D:1      | Reached XP level 1. HP: 17/17 MP: 0/0
   152 | D:1      | Reached XP level 2. HP: 14/22 MP: 0/0
   789 | D:2      | Found Piqoas's Armour Shoppe.
   881 | D:2      | Reached XP level 3. HP: 27/27 MP: 0/0
   881 | D:2      | Learned a level 1 spell: Magic Dart
  1011 | D:2      | Reached XP level 4. HP: 24/33 MP: 0/0
  1199 | D:2      | Found a faded altar of an unknown god.
  1471 | D:2      | Reached XP level 5. HP: 37/39 MP: 0/0
  1471 | D:2      | Learned a level 2 spell: Passwall
  1684 | D:3      | Noticed Pargi
  1687 | D:3      | Gained mutation: Your spells are a little easier to cast,
                  | but a little less powerful. [potion of mutation]
  1687 | D:3      | Gained mutation: Armour fits poorly on your strangely
                  | shaped body. [potion of mutation]
  1687 | D:3      | Gained mutation: You passively map a small area around you.
                  | [potion of mutation]
  1692 | D:3      | Slain by Pargi

Illustrated notes

Levels and vault maps discovered:
D:1:      dpeg_arrival_leaves_temple_mockup, layout_basic, minmay_fountain_box
D:2:      minmay_chambers_of_ones, layout_basic, serial_shops, shop_statue,
          shapermc_ecumenical_altar_notcrosses, minmay_misc_feat_room
D:3:      layout_basic, chequers_serial_rivers_marsh, uniq_jessica, uniq_pargi

Skill      XL: |  1  2  3  4 |
---------------+-------------+-----
Fighting       | 2 |  2.4
Spellcasting   | 2 |  2.3
Dodging        | 3 |  3.0
Stealth        | |  0.8
Unarmed Combat | |  3.5

Action                   |  1- 3 |  4- 6 || total
-------------------------+-------+-------++-------
Melee: Unarmed           |    56 |    40 ||    96
       Headbutt          |    11 |       ||    11
       Punch             |     1 |     1 ||     2
 Cast: Beastly Appendage |    13 |       ||    13
       Magic Dart        |     5 |    42 ||    47
       Spider Form       |     1 |       ||     1
       Wereblood         |     1 |       ||     1
  Use: Potion            |       |     6 ||     6
       Scroll            |       |     1 ||     1
 Stab: Sleeping          |     1 |     2 ||     3
Armor: Robe              |     3 |     6 ||     9
Dodge: Dodged            |    34 |    21 ||    55

Table legend: (Time is in decaauts)
 A = Elapsed time spent in this place.
 B = Non-inter-level travel time spent in this place.
 C = Inter-level travel time spent in this place.
 D = Time resting spent in this place.
 E = Time spent auto-exploring this place.
 F = Levels seen in this place.
 G = Mean time per level.
                   A        B        C        D        E       F      G
               +--------+--------+--------+--------+--------+-----+--------+
         Total |   1686 |   1654 |     32 |     73 |   1288 |   3 |  562.0 |
       Dungeon |   1686 |   1654 |     32 |     73 |   1288 |   3 |  562.0 |
               +--------+--------+--------+--------+--------+-----+--------+

Top non-repeatable levels by time:
     D:2: 872 daAuts
     D:1: 787 daAuts
     D:3: 26 daAuts
